 Dungeon Crawl Stone Soup version 0.28.0 (webtiles) character file.

Game seed: 13355694316609005435

12 zeram the Firebug (level 2, -3/17 HPs)
             Began as an Octopode Fire Elementalist on Feb 12, 2022.
             Slain by a quokka (5 damage)
             ... on level 1 of the Dungeon.
             The game lasted 00:00:59 (479 turns).

zeram the Firebug (Octopode Fire Elementalist)       Turns: 479, Time: 00:01:00

Health: -3/17      AC:  1    Str:  7    XL:     2   Next: 33%
Magic:  3/5        EV: 13    Int: 17    God:
Gold:   25         SH:  0    Dex: 12    Spells: 4/5 levels left

rFire   . . .      SeeInvis .   c - +0 dagger
rCold   . . .      Faith    .   (no shield)
rNeg    . . .      Spirit   .   (helmet restricted)
rPois   .          Reflect  .   (no amulet)
rElec   .          Harm     .   (no ring)
rCorr   .          Rampage  .   (no ring)
Will    .....                   (no ring)
Stlth   +++.......              (no ring)
HPRegen 0.05/turn               (no ring)
MPRegen 0.09/turn               (no ring)
                                (no ring)
                                (no ring)

@: no status effects
A: almost no armour, amphibious, 8 rings, camouflage 1, gelatinous body 1,
(nimble swimmer 1), tentacles
a: no special abilities


You were on level 1 of the Dungeon.
You visited 1 branch of the dungeon, and saw 1 of its levels.

You collected 25 gold pieces.

Inventory:

Hand Weapons
 c - a +0 dagger (weapon)
Scrolls
 a - a scroll of torment {unknown}
 d - a scroll of immolation {unknown}
Potions
 b - a potion of attraction {unknown}
 e - a potion of curing {unknown}
 f - a potion of lignification {unknown}


   Skills:
 + Level 2.1 Dodging
 - Level 2.6 Stealth
 + Level 2.3 Spellcasting
 + Level 1.0 Conjurations
 + Level 3.3 Fire Magic


You had 4 spell levels left.
You knew the following spells:

 Your Spells              Type           Power      Damage    Failure   Level
a - Foxfire               Conj/Fire      36%        2x1d5     8%          1

Your spell library contained the following spells:

 Spells                   Type           Power      Damage    Failure   Level
 Scorch                   Fire           26%        2d6       8%          2
 Conjure Flame            Conj/Fire      9%         6-21      22%         3
 Inner Flame              Hex/Fire       7%         N/A       28%         3
 Flame Wave               Conj/Fire      9%         2d5       58%         4


Dungeon Overview and Level Annotations

Branches:
Dungeon (1/15)

Altars:

Shops:
D:1 (


Innate Abilities, Weirdness & Mutations

You cannot wear most types of armour.
You are amphibious.
You can wear up to eight rings at the same time.
Your skin changes colour to match your surroundings (Stealth+).
Your rubbery body absorbs attacks. (AC +1, EV +1)
((You are camouflaged when in or above water. (Stealth+)))
You have tentacles for arms and can constrict up to eight enemies at once.


Message History

You hit the rat.
You kill the rat!
The bat closely misses you.
Your magical contamination has completely faded away.
You hit the bat.
You kill the bat!
A ball python comes into view.
A dart slug comes into view.
The ball python hisses angrily.
The quokka bites you.
You hit the quokka but do no damage. Your grab misses the quokka.
The quokka barely misses you.
You closely miss the quokka. You grab the quokka.
Your squeeze misses the quokka. You constrict the quokka. The quokka bites you.
The ball python bites you. The ball python completely misses you.
The quokka barely misses you.
You hit the quokka but do no damage. You squeeze the quokka.
The quokka is heavily wounded.
You constrict the quokka, but do no damage.
The ball python bites you. The ball python closely misses you.
The quokka closely misses you.
You are too injured to fight recklessly!
You are too injured to fight recklessly!
Casting: Foxfire (safe; 8% risk of failure)
Confirm with . or Enter, or press ? or * to list all spells.
You conjure some foxfire!
You constrict the quokka. The ball python closely misses you.
The ball python grabs you. The ball python constricts you.
The quokka completely misses you. The ball python closely misses you.
The ball python constricts you.
You escape the ball python's grasp.
Your foxfire dissipates!
You release your grip on the quokka.
The foxfire hits the ball python.
You kill the ball python!
The dart slug launches a dart at you. The slug dart hits you.
* * * LOW HITPOINT WARNING * * *
Casting: Foxfire (safe; 8% risk of failure)
Confirm with . or Enter, or press ? or * to list all spells.
You conjure some foxfire!
The quokka barely misses you. The quokka bites you.
You die...

#.........# #.........#
#.........# #.........#
#.....w...######
#....†.....$....
#...............
#.....r.v.......
#......@v.......
########........
##.†...... #.........
#.########.#
#######'##.......#
#..........#####.#
#..........# #########
#..........#####........


You could see a dart slug and a quokka (ally target).

Vanquished Creatures
  A dart slug (D:1)
  2 bats (D:1)
  A goblin (D:1)
  A hobgoblin (D:1)
  A quokka (D:1)
  2 ball pythons (D:1)
  2 rats (D:1)
10 creatures vanquished.

Vanquished Creatures (others)
  4 foxfires (D:1)
4 creatures vanquished.

Grand Total: 14 creatures vanquished

Notes
Turn   | Place    | Note
-------+----------+-------------------------------------------
     0 | D:1      | zeram the Octopode Fire Elementalist began the quest for
                  | the Orb.
     0 | D:1      | Reached XP level 1. HP: 11/11 MP: 3/3
   337 | D:1      | Found Koixyll's Antique Weapon Shoppe.
   351 | D:1      | Reached XP level 2. HP: 16/17 MP: 5/5
   479 | D:1      | Slain by a quokka

Illustrated notes

Levels and vault maps discovered:
D:1:      lightli_arrival_isolated_outpost, layout_basic, serial_shops,
          nicolae_shop_crystal

Action                   || total
-------------------------++-------
Melee: Dagger            ||    19
       Constrict         ||     8
       Unarmed           ||     7
       Tentacles         ||     4
 Cast: Foxfire           ||     4
 Stab: Sleeping          ||     1
Armor: Skin              ||     9
Dodge: Dodged            ||    24
